 Dungeon Crawl Stone Soup version 0.21-a0-207-g4a9efaf (webtiles) character file.

202 Gorglomux the Skirmisher (level 5, -3/51 HPs)
             Began as a Hill Orc Conjurer on Aug 20, 2017.
             Slain by Robin
             ... wielding a +0 spear
              (4 damage)
             ... on level 3 of the Dungeon.
             The game lasted 00:10:30 (4264 turns).

Gorglomux the Skirmisher (Hill Orc Conjurer)        Turns: 4264, Time: 00:10:31

Health: -3/51      AC:  3    Str: 12    XL:     5   Next: 80%
Magic:  1/7        EV: 12    Int: 15    God:
Gold:   184        SH:  0    Dex: 11    Spells: 1/7 levels left

rFire    . . .     SeeInvis .   y - +0 dagger
rCold    . . .     Gourm    .   (no shield)
rNeg     . . .     Faith    .   a - +0 robe
rPois    .         Spirit   .   (no helmet)
rElec    .         Reflect  .   E - +0 cloak
rCorr    +         Harm     .   (no gloves)
MR       +....                  (no boots)
Stlth    ++........             (no amulet)
HPRegen  0.17/turn              m - ring of protection from magic
MPRegen  0.10/turn              g - ring of resist corrosion

@: no status effects
A: no striking features
a: no special abilities


You were on level 3 of the Dungeon.
You were not hungry.

You visited 1 branch of the dungeon, and saw 3 of its levels.

You collected 184 gold pieces.

Inventory:

Hand Weapons
 y - a +0 dagger (weapon)
Armour
 a - a +0 robe (worn)
 l - a +0 scale mail
 E - a +0 cloak (worn)
Jewellery
 g - a ring of resist corrosion (right hand)
 m - a ring of protection from magic (left hand)
 B - an uncursed ring of wizardry
Wands
 D - a wand of digging (6/24)
Scrolls
 d - a scroll of magic mapping {unknown}
 j - a scroll of amnesia {unknown}
 n - 2 scrolls of teleportation {unknown}
 o - a scroll of random uselessness {unknown}
 t - a scroll of fog
 x - 2 scrolls of enchant weapon {unknown}
 G - a scroll of identify {unknown}
 H - a scroll of enchant armour {unknown}
Potions
 e - 2 potions of brilliance {unknown}
 f - 2 potions of degeneration {unknown}
 k - 2 potions of lignification {unknown}
 q - a potion of heal wounds {unknown}
 r - a potion of flight {unknown}
 s - 2 potions of haste {unknown}
 u - a potion of agility {unknown}
 v - a potion of berserk rage {unknown}
 I - a potion of magic {unknown}
Books
 b - a book of Conjurations

   Spells                             Type                      Level
   a - Magic Dart                     Conjuration                  1
   b - Searing Ray                    Conjuration                  2
   c - Dazzling Spray                 Conjuration/Hexes            3
   d - Fulminant Prism                Conjuration/Hexes            4
   e - Force Lance                    Conjuration/Translocation    4
   f - Iskenderun's Mystic Blast      Conjuration                  4
Comestibles
 c - 2 bread rations
 i - 4 fruits
 z - a meat ration
 J - 2 chunks of flesh


   Skills:
 + Level 6.4 Fighting
 - Level 1.5 Dodging
 - Level 1.5 Stealth
 - Level 1.5 Spellcasting
 - Level 4.0 Conjurations


You had one spell level left.
You knew the following spells:

 Your Spells              Type           Power        Failure   Level  Hunger
a - Magic Dart            Conj           ##..         4%          1    ##.....
b - Searing Ray           Conj           ##....       7%          2    ###....
q - Dazzling Spray        Conj/Hex       #.....       30%         3    ####...


Dungeon Overview and Level Annotations

Branches:
Dungeon (3/15)

Altars:
Nemelex Xobeh
Vehumet
Yredelemnul

Annotations:
D:3 Robin


Message History

Robin is almost dead!
Robin hits you but does no damage!
You closely miss Robin!
Robin is almost dead!
Robin hits you with a spear! * * * don'butt die
* * * You barely butts Robin!
Robin is almost dead!
Robin hits you but does no damage!
You closely miss Robin!
Robin is almost dead!
Butt barely misses you!
You perforate Robin but do no damage!
Robin is almost dead!
Robin hits butt with a spear! * * * butt't die
* * * You barely miss Robin!
Robin is almost dead!
Robin hits you with a spear! rip

#.# #.# #.# #.# #.#
#.### #.#
###.#.#######.######
...............)..>#
##.#.#.#####.##.###
#.#.#.#####.##@#
#.#............g....#
###.#.#.#####.##.######
..............##.#
###.#.##......##.#
###.#.##......##.#
.......+...... #.#
###.#.##......##.#
........ ........#


You could see Robin.

Vanquished Creatures
  Crazy Yiuf (D:2)
  Jessica (D:3)
  6 adders
  2 oozes (D:1)
  3 worms
  3 dart slugs
  4 leopard geckos
  2 giant cockroaches
  19 goblins
  6 hobgoblins
  2 ball pythons
  8 bats
  3 frilled lizards (D:2)
  4 kobolds
  6 rats
70 creatures vanquished.

Notes
Turn   | Place    | Note
-------+----------+-------------------------------------------
     0 | D:1      | Gorglomux the Hill Orc Conjurer began the quest for the Orb.
     0 | D:1      | Reached XP level 1. HP: 14/14 MP: 3/3
   302 | D:1      | Reached skill level 1 in Fighting
   364 | D:1      | Reached skill level 2 in Fighting
   364 | D:1      | Reached XP level 2. HP: 24/24 MP: 0/4
  1093 | D:1      | Reached skill level 3 in Fighting
  1170 | D:1      | Reached XP level 3. HP: 31/31 MP: 2/5
  1299 | D:1      | Learned a level 2 spell: Searing Ray
  1737 | D:2      | Found a runed door.
  2326 | D:2      | Reached skill level 4 in Fighting
  2456 | D:2      | Reached XP level 4. HP: 35/41 MP: 0/6
  2550 | D:2      | Learned a level 3 spell: Dazzling Spray
  3114 | D:2      | Noticed Crazy Yiuf
  3120 | D:2      | Killed Crazy Yiuf
  3120 | D:2      | Reached skill level 5 in Fighting
  3120 | D:2      | Reached XP level 5. HP: 28/48 MP: 0/7
  3865 | D:3      | Noticed Jessica
  3868 | D:3      | Killed Jessica
  3868 | D:3      | Reached skill level 6 in Fighting
  3964 | D:3      | Found a faded altar of an unknown god.
  3964 | D:3      | Found a sparkling altar of Nemelex Xobeh.
  3969 | D:3      | Found a basalt altar of Yredelemnul.
  3971 | D:3      | Found a faded altar of an unknown god.
  3973 | D:3      | Found a radiant altar of Vehumet.
  4230 | D:3      | Noticed Robin
  4260 | D:3      | HP: 1/51 [Robin/spear (3)]
  4264 | D:3      | Slain by Robin

Vault maps used:
D:1:      eino_arrival_water_star
D:2:      lemuel_another_geyser, uniq_crazy_yiuf_cottage
D:3:      chequers_temple_overflow_minitemple, first_bread, uniq_robin,
          uniq_jessica

Skill      XL: |  1  2  3  4  5 |
---------------+----------------+-----
Fighting       | 2 3 4 5 6 |  6.4
Dodging        | |  1.5
Stealth        | |  1.5
Spellcasting   | |  1.5
Conjurations   | |  4.0

Action                   |  1- 3 |  4- 6 || total
-------------------------+-------+-------++-------
Melee: Unarmed           |    13 |       ||    13
       Dagger            |    64 |   135 ||   199
 Cast: Magic Dart        |    61 |    23 ||    84
       Searing Ray       |     5 |     8 ||    13
       Dazzling Spray    |       |     4 ||     4
  Use: Scroll            |       |     1 ||     1
 Stab: Sleeping          |     2 |       ||     2
  Eat: Chunk             |     7 |     7 ||    14
Armor: Robe              |     6 |    33 ||    39
Dodge: Dodged            |    45 |   112 ||   157
